TOP OF THE 1ST |
Williamsport Crosscutters batting - Pitching for Los Angeles (NYP) Dodgers : RHP Guy Jerome
|
Pitching: RHP Guy Jerome
|
|
Batting: LHB Bryant Dill
|
0-0: Ground out 1-3 (Groundball, 15S, EV 71.2 MPH)
|
Batting: LHB Ryan Young
|
0-0: Ball 1-0: Foul Ball, location: 2F 1-1: Swinging Strike 1-2: Strikes out swinging
|
Batting: LHB Rich Kuehne
|
0-0: Ball 1-0: Foul Ball, location: 2F 1-1: Called Strike 1-2: Ball 2-2: Ball 3-2: Ground out 1-3 (Groundball, 13S, EV 76.2 MPH)
|
Top of the 1st over - 0 runs, 0 hits, 0 errors, 0 left on base; Williamsport 0 - Los Angeles (NYP) 0 |
BOTTOM OF THE 1ST |
Los Angeles (NYP) Dodgers batting - Pitching for Williamsport Crosscutters : LHP Jonathan Monroy
|
Pitching: LHP Jonathan Monroy
|
|
Batting: RHB Perry Dominey
|
0-0: Foul Ball, location: 2F 0-1: Foul Ball, location: 2F 0-2: Foul Ball, location: 2F 0-2: Ball 1-2: Foul Ball, location: 2F 1-2: Ball 2-2: SOLO HOME RUN (Flyball, 7LD, EV 91.9 MPH), Distance : 356 ft
|
Batting: SHB Dave Reynoso
|
0-0: Foul Ball, location: 2F 0-1: Ball 1-1: Foul Ball, location: 2F 1-2: Ball 2-2: SOLO HOME RUN (Flyball, 7LD, EV 98.8 MPH), Distance : 367 ft
|
Batting: RHB Jose Corral
|
0-0: Foul Ball, location: 2F 0-1: Foul Ball, location: 2F 0-2: Ball 1-2: Fly out, F8 (Flyball, 8LD, EV 105.6 MPH)
|
Batting: SHB Guy Jerome
|
0-0: Ball 1-0: Ball 2-0: Foul Ball, location: 2F 2-1: Foul Ball, location: 2F 2-2: Ball 3-2: Foul Ball, location: 2F 3-2: SINGLE (Groundball, 6MD, EV 103.1 MPH)
|
Batting: RHB Cory Bonham
|
0-0: Ball 1-0: Called Strike 1-1: Ball 2-1: Ball 3-1: Base on Balls Guy Jerome to second
|
Batting: RHB Geoff Musico
|
0-0: Ball 1-0: Fly out, F7 (Flyball, 78S, EV 81.9 MPH)
|
Batting: RHB John Clark
|
0-0: Ball 1-0: Foul Ball, location: 2F 1-1: Ball 2-1: SINGLE (Line Drive, 4MD, EV 104.4 MPH) Guy Jerome to third Cory Bonham to second
|
Batting: RHB Chris Graham
|
0-0: Swinging Strike 0-1: Fly out, F6 (Line Drive, 6MD, EV 62.5 MPH)
|
Bottom of the 1st over - 2 runs, 4 hits, 0 errors, 3 left on base; Williamsport 0 - Los Angeles (NYP) 2 |
TOP OF THE 2ND |
Williamsport Crosscutters batting - Pitching for Los Angeles (NYP) Dodgers : RHP Guy Jerome
|
Batting: LHB Jean-Claude Vanbiesbrouck
|
0-0: Ball 1-0: Ball 2-0: Ball 3-0: Called Strike 3-1: Foul Ball, location: 2F 3-2: DOUBLE (Line Drive, 3D, EV 96.2 MPH)
|
Batting: LHB Jason Duda
|
0-0: Called Strike 0-1: Called Strike 0-2: Strikes out swinging
|
Batting: LHB Dennis French
|
0-0: Fly out, F9 (Line Drive, 89S, EV 98.8 MPH) Lined into DP, 9-6 (Line Drive, 89S, EV 98.8 MPH)
|
Top of the 2nd over - 0 runs, 1 hit, 0 errors, 0 left on base; Williamsport 0 - Los Angeles (NYP) 2 |
BOTTOM OF THE 2ND |
Los Angeles (NYP) Dodgers batting - Pitching for Williamsport Crosscutters : LHP Jonathan Monroy
|
Batting: RHB Yok-sing Zhào
|
0-0: Ball 1-0: Foul Ball, location: 2F 1-1: Foul Ball, location: 2F 1-2: Strikes out looking
|
Batting: RHB Perry Dominey
|
0-0: Called Strike 0-1: Foul Ball, location: 2F 0-2: Ball 1-2: Ball 2-2: Fly out, F8 (Flyball, 8RD, EV 96.2 MPH)
|
Batting: SHB Dave Reynoso
|
0-0: Ball 1-0: Called Strike 1-1: Called Strike 1-2: Strikes out swinging
|
Bottom of the 2nd over - 0 runs, 0 hits, 0 errors, 0 left on base; Williamsport 0 - Los Angeles (NYP) 2 |
TOP OF THE 3RD |
Williamsport Crosscutters batting - Pitching for Los Angeles (NYP) Dodgers : RHP Guy Jerome
|
Batting: RHB Teh-huai Jiang
|
0-0: Ball 1-0: Ball 2-0: Ball 3-0: Base on Balls
|
Batting: RHB Allen Deschamps
|
0-0: Ball 1-0: Ball 2-0: Fielders Choice at 2nd, 3-6 (Groundball, 3, EV 95.6 MPH)
|
Batting: RHB Rafael Soto
|
0-0: Called Strike 0-1: Ball 1-1: Fly out, F9 (Flyball, 9, EV 72.5 MPH)
|
Batting: LHB Bryant Dill
|
0-0: Called Strike 0-1: Called Strike 0-2: Ball 1-2: Ball 2-2: Ground out U3 (Groundball, 23, EV 87.5 MPH)
|
Top of the 3rd over - 0 runs, 0 hits, 0 errors, 1 left on base; Williamsport 0 - Los Angeles (NYP) 2 |
BOTTOM OF THE 3RD |
Los Angeles (NYP) Dodgers batting - Pitching for Williamsport Crosscutters : LHP Jonathan Monroy
|
Batting: RHB Jose Corral
|
0-0: Ball 1-0: Ball 2-0: SINGLE (Groundball, 6D, EV 94.4 MPH)
|
Batting: SHB Guy Jerome
|
0-0: Foul Ball, location: 2F 0-1: Ball 1-1: Foul Ball, location: 2F 1-2: SINGLE (Groundball, 6D, EV 98.8 MPH) Jose Corral to second
|
Batting: RHB Cory Bonham
|
0-0: Ball 1-0: Ball 2-0: Swinging Strike 2-1: Fly out, F8 (Flyball, 8LM, EV 87.5 MPH)
|
Batting: RHB Geoff Musico
|
0-0: Ball 1-0: Foul Ball, location: 2F 1-1: Foul Ball, location: 2F 1-2: Ball 2-2: Fly out, F4 (Popup, 3DF, EV 53.1 MPH)
|
Batting: RHB John Clark
|
0-0: Ball 1-0: Foul Ball, location: 2F 1-1: Ball 2-1: Foul Ball, location: 2F 2-2: Ground out U3 (Groundball, 34, EV 102.5 MPH)
|
Bottom of the 3rd over - 0 runs, 2 hits, 0 errors, 2 left on base; Williamsport 0 - Los Angeles (NYP) 2 |
TOP OF THE 4TH |
Williamsport Crosscutters batting - Pitching for Los Angeles (NYP) Dodgers : RHP Guy Jerome
|
Batting: LHB Ryan Young
|
0-0: Ball 1-0: Called Strike 1-1: Ball 2-1: Ball 3-1: Ground out 6-3 (Groundball, 6S, EV 66.2 MPH)
|
Batting: LHB Rich Kuehne
|
0-0: Ball 1-0: SINGLE (Groundball, 6MD, EV 101.9 MPH)
|
Batting: LHB Jean-Claude Vanbiesbrouck
|
0-0: Called Strike Rich Kuehne is caught stealing 2nd base 2-6 0-1: Ball 1-1: Called Strike 1-2: Strikes out swinging
|
Top of the 4th over - 0 runs, 1 hit, 0 errors, 0 left on base; Williamsport 0 - Los Angeles (NYP) 2 |
BOTTOM OF THE 4TH |
Los Angeles (NYP) Dodgers batting - Pitching for Williamsport Crosscutters : LHP Jonathan Monroy
|
Batting: RHB Chris Graham
|
0-0: Ball 1-0: Called Strike 1-1: Swinging Strike 1-2: Strikes out swinging
|
Batting: RHB Yok-sing Zhào
|
0-0: Called Strike 0-1: Ground out 6-3 (Groundball, 6, EV 86.9 MPH)
|
Batting: RHB Perry Dominey
|
0-0: Ball 1-0: Ball 2-0: Ball 3-0: Called Strike 3-1: Base on Balls
|
Pitching: RHP George Crousse
|
|
Batting: SHB Dave Reynoso
|
0-0: Called Strike Perry Dominey steals 2nd base 0-1: Ball 1-1: Ball Passed Ball! Perry Dominey to third 2-1: Ball 3-1: Base on Balls
|
Batting: RHB Jose Corral
|
0-0: Called Strike 0-1: Swinging Strike 0-2: Ball 1-2: Ball 2-2: Ground out 4-3 (Groundball, 4MS, EV 84.4 MPH)
|
Bottom of the 4th over - 0 runs, 0 hits, 0 errors, 2 left on base; Williamsport 0 - Los Angeles (NYP) 2 |
TOP OF THE 5TH |
Williamsport Crosscutters batting - Pitching for Los Angeles (NYP) Dodgers : RHP Guy Jerome
|
Batting: LHB Jason Duda
|
0-0: Ball 1-0: Foul Ball, location: 2F 1-1: Ball 2-1: Swinging Strike 2-2: Foul Ball, location: 2F 2-2: Strikes out swinging
|
Batting: LHB Dennis French
|
0-0: Ball 1-0: Ball 2-0: Fly out, F9 (Flyball, 9, EV 84.4 MPH)
|
Batting: RHB Teh-huai Jiang
|
0-0: Called Strike 0-1: Ball 1-1: Called Strike 1-2: Foul Ball, location: 2F 1-2: Strikes out swinging
|
Top of the 5th over - 0 runs, 0 hits, 0 errors, 0 left on base; Williamsport 0 - Los Angeles (NYP) 2 |
BOTTOM OF THE 5TH |
Los Angeles (NYP) Dodgers batting - Pitching for Williamsport Crosscutters : RHP George Crousse
|
Batting: SHB Guy Jerome
|
0-0: Ball 1-0: Foul Ball, location: 2F 1-1: Foul Ball, location: 2F 1-2: Foul Ball, location: 2F 1-2: Ball 2-2: Ball 3-2: Base on Balls
|
Batting: RHB Cory Bonham
|
0-0: Foul Ball, location: 2F 0-1: Foul Ball, location: 2F 0-2: Ball 1-2: Foul Ball, location: 2F 1-2: Strikes out looking
|
Batting: RHB Geoff Musico
|
0-0: Ball 1-0: Ball 2-0: Foul Ball, location: 2F 2-1: Swinging Strike 2-2: Foul Ball, location: 2F 2-2: SINGLE (Groundball, 56D, EV 96.2 MPH) Guy Jerome to second
|
Batting: RHB John Clark
|
0-0: Fly out, F9 (Flyball, 9LM, EV 82.5 MPH) Runner from 2nd tags up, SAFE at 3rd, no throw by RF
|
Batting: RHB Chris Graham
|
0-0: Ball 1-0: Fly out, F8 (Flyball, 8LD, EV 106.9 MPH)
|
Bottom of the 5th over - 0 runs, 1 hit, 0 errors, 2 left on base; Williamsport 0 - Los Angeles (NYP) 2 |
TOP OF THE 6TH |
Williamsport Crosscutters batting - Pitching for Los Angeles (NYP) Dodgers : RHP Guy Jerome
|
Batting: RHB Allen Deschamps
|
0-0: Ball 1-0: Foul Ball, location: 2F 1-1: Ball 2-1: Swinging Strike 2-2: Foul Ball, location: 2F 2-2: Foul Ball, location: 2F 2-2: Ball 3-2: Foul Ball, location: 2F 3-2: Foul Ball, location: 2F 3-2: Base on Balls
|
Batting: RHB Rafael Soto
|
0-0: Ball 1-0: Foul Ball, location: 2F 1-1: Called Strike 1-2: Strikes out swinging
|
Batting: LHB Bryant Dill
|
0-0: Called Strike 0-1: Called Strike 0-2: Foul Ball, location: 2F 0-2: Strikes out swinging
|
Batting: LHB Ryan Young
|
0-0: Ball 1-0: Ball 2-0: Fielders Choice at 2nd, U6 (Groundball, 4MD, EV 103.1 MPH)
|
Top of the 6th over - 0 runs, 0 hits, 0 errors, 1 left on base; Williamsport 0 - Los Angeles (NYP) 2 |
BOTTOM OF THE 6TH |
Los Angeles (NYP) Dodgers batting - Pitching for Williamsport Crosscutters : RHP George Crousse
|
Batting: RHB Yok-sing Zhào
|
0-0: Ball 1-0: Called Strike 1-1: Swinging Strike 1-2: Foul Ball, location: 2F 1-2: Ball 2-2: Ball 3-2: Strikes out looking
|
Pitching: RHP Dave Gomez
|
|
Batting: RHB Perry Dominey
|
0-0: Fly out, F6 (Line Drive, 56, EV 62.5 MPH)
|
Batting: SHB Dave Reynoso
|
0-0: Ball 1-0: Foul Ball, location: 2F 1-1: Ground out 6-3 (Groundball, 6S, EV 87.5 MPH)
|
Bottom of the 6th over - 0 runs, 0 hits, 0 errors, 0 left on base; Williamsport 0 - Los Angeles (NYP) 2 |
TOP OF THE 7TH |
Williamsport Crosscutters batting - Pitching for Los Angeles (NYP) Dodgers : RHP Guy Jerome
|
Pitching: RHP Willie Becerra
|
|
Batting: LHB Rich Kuehne
|
0-0: Ball 1-0: Ball 2-0: Ball 3-0: Base on Balls
|
Batting: LHB Jean-Claude Vanbiesbrouck
|
0-0: Swinging Strike 0-1: Foul Ball, location: 2F 0-2: Fielders Choice at 2nd, 4-6 (Groundball, 3, EV 91.2 MPH)
|
Batting: LHB Jason Duda
|
0-0: Called Strike 0-1: Ball Jean-Claude Vanbiesbrouck steals 2nd, throwing error, E2 Jean-Claude Vanbiesbrouck to third 1-1: Called Strike 1-2: Ball 2-2: Foul Ball, location: 2F 2-2: Ground out 2-3 (Groundball, 2L, EV 70.6 MPH)
|
Batting: LHB Dennis French
|
0-0: Called Strike 0-1: Foul Ball, location: 2F 0-2: Foul Ball, location: 2F 0-2: Foul Ball, location: 2F 0-2: SINGLE (Groundball, 4MD, EV 104.4 MPH) Jean-Claude Vanbiesbrouck scores
|
Batting: RHB Teh-huai Jiang
|
0-0: Ball 1-0: Ball 2-0: Called Strike 2-1: Foul Ball, location: 2F 2-2: SINGLE (Groundball, 34D, EV 97.5 MPH) Dennis French to second Runner from 2nd tries for 3rd, SAFE, throw by RF made to third
|
Pinch Hitting: RHB Eddie Serna
|
0-0: Swinging Strike 0-1: Called Strike 0-2: Ball 1-2: Strikes out swinging
|
Top of the 7th over - 1 run, 2 hits, 1 error, 2 left on base; Williamsport 1 - Los Angeles (NYP) 2 |
BOTTOM OF THE 7TH |
Los Angeles (NYP) Dodgers batting - Pitching for Williamsport Crosscutters : RHP Dave Gomez
|
Now at 2B: Eddie Serna
|
|
Batting: RHB Jose Corral
|
0-0: Ball 1-0: Called Strike 1-1: Ball 2-1: SINGLE (Groundball, 6MD, EV 103.8 MPH)
|
Batting: SHB Guy Jerome
|
0-0: Ball 1-0: Ball 2-0: Ball 3-0: Base on Balls Jose Corral to second
|
Batting: RHB Cory Bonham
|
0-0: Swinging Strike 0-1: Ball 1-1: Ball 2-1: Ball 3-1: Base on Balls Jose Corral to third Guy Jerome to second
|
Batting: RHB Geoff Musico
|
0-0: Ball 1-0: Fly out, F9 (Flyball, 9D, EV 73.8 MPH)
|
Batting: RHB John Clark
|
0-0: Foul Ball, location: 2F 0-1: Grounds into fielders choice 5-2 (Groundball, 5, EV 83.8 MPH) Guy Jerome to third Cory Bonham to second
|
Batting: RHB Chris Graham
|
0-0: Called Strike 0-1: Called Strike 0-2: Strikes out looking
|
Bottom of the 7th over - 0 runs, 1 hit, 0 errors, 3 left on base; Williamsport 1 - Los Angeles (NYP) 2 |
TOP OF THE 8TH |
Williamsport Crosscutters batting - Pitching for Los Angeles (NYP) Dodgers : RHP Willie Becerra
|
Batting: RHB Rafael Soto
|
0-0: Called Strike 0-1: Called Strike 0-2: Strikes out looking
|
Batting: LHB Bryant Dill
|
0-0: Ball 1-0: Ground out 6-3 (Groundball, 4M, EV 106.9 MPH)
|
Batting: LHB Ryan Young
|
0-0: Ball 1-0: Ball 2-0: Ball 3-0: Base on Balls
|
Pitching: RHP Ramon Luna
|
|
Batting: LHB Rich Kuehne
|
0-0: SINGLE (Line Drive, 5D, EV 95.6 MPH) Ryan Young to second
|
Batting: LHB Jean-Claude Vanbiesbrouck
|
0-0: Swinging Strike 0-1: Foul Ball, location: 2F 0-2: Strikes out swinging
|
Top of the 8th over - 0 runs, 1 hit, 0 errors, 2 left on base; Williamsport 1 - Los Angeles (NYP) 2 |
BOTTOM OF THE 8TH |
Los Angeles (NYP) Dodgers batting - Pitching for Williamsport Crosscutters : RHP Dave Gomez
|
Batting: RHB Yok-sing Zhào
|
0-0: Called Strike 0-1: Swinging Strike 0-2: Foul Ball, location: 2F 0-2: Ball 1-2: Strikes out swinging
|
Batting: RHB Perry Dominey
|
0-0: Ball 1-0: Foul Ball, location: 2F 1-1: Ball 2-1: Called Strike 2-2: Ball 3-2: Foul Ball, location: 2F 3-2: Base on Balls
|
Batting: SHB Dave Reynoso
|
0-0: Called Strike Perry Dominey steals 2nd base 0-1: Called Strike 0-2: SINGLE (Groundball, 3D, EV 97.5 MPH) Perry Dominey to third Runner from 3rd tries for Home, SAFE, throw by RF to home
|
Batting: RHB Jose Corral
|
0-0: Ball 1-0: Ball 2-0: Ball Dave Reynoso is caught stealing 2nd base 2-4 3-0: Called Strike 3-1: Base on Balls
|
Pitching: RHP Tim Starks
|
|
Batting: SHB Guy Jerome
|
0-0: Called Strike 0-1: Ball 1-1: Ball 2-1: Fielders Choice at 2nd, 6-4 (Groundball, 6, EV 83.8 MPH)
|
Bottom of the 8th over - 1 run, 1 hit, 0 errors, 1 left on base; Williamsport 1 - Los Angeles (NYP) 3 |
TOP OF THE 9TH |
Williamsport Crosscutters batting - Pitching for Los Angeles (NYP) Dodgers : RHP Ramon Luna
|
Pitching: LHP Randy Dupuis
|
|
Now at 1B: Carlos Manriquez
|
|
Batting: LHB Jason Duda
|
0-0: Called Strike 0-1: Swinging Strike 0-2: Ball 1-2: Strikes out looking
|
Batting: LHB Dennis French
|
0-0: Called Strike 0-1: Swinging Strike 0-2: Strikes out swinging
|
Batting: RHB Teh-huai Jiang
|
0-0: Ball 1-0: Foul Ball, location: 2F 1-1: Ball 2-1: Ball 3-1: Base on Balls
|
Batting: RHB Eddie Serna
|
0-0: Ball 1-0: SINGLE (Flyball, 56D, EV 85.0 MPH) Teh-huai Jiang to second
|
Pinch Runner at 2nd Simon Mergeni:
|
|
Batting: RHB Rafael Soto
|
0-0: Ball 1-0: Swinging Strike 1-1: Ball 2-1: Called Strike 2-2: Ground out 4-3 (Groundball, 4, EV 85.0 MPH)
|
Top of the 9th over - 0 runs, 1 hit, 0 errors, 2 left on base; Williamsport 1 - Los Angeles (NYP) 3 |
|